 Dungeon Crawl Stone Soup version 0.31-a0-174-g85c54bcb58 (webtiles) character file.

Game seed: 13389000617367338327

526 Anon1729 the Trooper (level 7, -3/61 HPs)
             Began as a Minotaur Monk on June 15, 2023.
             Slain by an orc warrior
             ... wielding a +0 trident
              (12 damage)
             ... on level 5 of the Dungeon.
             The game lasted 00:01:12 (3641 turns).

Anon1729 the Trooper (Minotaur Monk)                Turns: 3641, Time: 00:01:12

Health: -3/61      AC:  9    Str: 15    XL:     7   Next: 2%
Magic:  17/17      EV: 12    Int:  7    God:
Gold:   235        SH:  5    Dex: 15    Spells: 6/6 levels left

rFire   . . .        m - +8 falchion of Charred Defiance {drain, MP+9}
rCold   + . .        d - orb {light}
rNeg    + . .        l - +4 ring mail "Foasim" {rC+ rN+}
rPois   .            (helmet restricted)
rElec   .            (no cloak)
rCorr   .            (no gloves)
SInv    .            (no boots)
Will    .....        h - amulet of reflection
Stlth   +            (no ring)
HPRegen 0.30/turn    (no ring)
MPRegen 0.15/turn

%: reflection
@: glowing
A: horns 2, retaliatory headbutt
a: no special abilities


You were on level 5 of the Dungeon.
You visited 1 branch of the dungeon, and saw 5 of its levels.

You collected 235 gold pieces.

Inventory:

Hand Weapons
 a - a +0 short sword
 m - the +8 falchion of Charred Defiance (weapon) {drain, MP+9}
   (You found it on level 3 of the Dungeon)

   MP:        It affects your magic capacity (+9).
Armour
 b - a +0 robe
 d - an orb of light (worn)
 l - the +4 ring mail "Foasim" (worn) {rC+ rN+}
   (You found it on level 3 of the Dungeon)

   rC:        It protects you from cold.
   rN:        It protects you from negative energy.
Jewellery
 h - an amulet of reflection (around neck)
Scrolls
 f - a scroll of noise {unknown}
 g - a scroll of blinking {unknown}
 j - 3 scrolls of identify {unknown}
 k - a scroll of immolation {unknown}
 n - a scroll of revelation {unknown}
 p - a scroll of enchant weapon {unknown}
Potions
 e - a potion of curing
 i - a potion of attraction {unknown}
 o - a potion of mutation {unknown}


   Skills:
 + Level 5.4 Fighting
 + Level 4.8 Short Blades
 + Level 3.6 Armour
 + Level 4.8 Dodging
 + Level 2.9 Invocations


You had 6 spell levels left.
You didn't know any spells.
Your spell library contained the following spells:

 Spells                   Type           Power      Damage    Failure   Level
 Portal Projectile        Hex/Tloc       0%         N/A       95%         3
 Tukima's Dance           Hex            0%         N/A       95%         3
 Animate Dead             Necr           0%         N/A       100%        4
 Blade Hands              Tmut           0%         N/A       100%        5
 Haunt                    Necr/Summ      0%         N/A       100%        7
 Infestation              Necr           0%         N/A       100%        8


Dungeon Overview and Level Annotations

Branches:
Dungeon (5/15)
 Temple: D:4-7

Altars:
Elyvilon
Yredelemnul

Annotations:
D:4 3 runed translucent doors, Cris's ghost, amateur DrAE; Takeo's ghost, amateur MiFi


Innate Abilities, Weirdness & Mutations

You have a pair of horns on your head.
You reflexively headbutt those who attack you in melee.


Message History

You barely miss the orc wizard.
The orc wizard is lightly wounded.
The orc closely misses you.
The orc warrior hits you with a +0 trident.
The orc wizard closely misses you. The orc wizard barely misses you.
The orc closely misses you.
The orc warrior hits you with a +0 trident.
* * * LOW HITPOINT WARNING * * *
You barely miss the orc wizard.
You headbutt the orc wizard, but do no damage.
The orc wizard is lightly wounded.
The orc hits you with a +0 war axe!
* * * LOW HITPOINT WARNING * * *
The orc warrior barely misses you. You furiously retaliate!
You headbutt the orc warrior. The orc wizard completely misses you.
You furiously retaliate!
You headbutt the orc wizard!
You are confused.
You feel invigorated. The orc hits you but does no damage.
The orc warrior closely misses you.
The orc wizard points at you and mumbles some strange words.
You resist with some effort.
It was a potion of curing.
You feel better.
You feel less invigorated. The orc hits you with a +0 war axe.
You block the orc warrior's attack.
The orc wizard hits you with a +0 dagger.
You slash the orc wizard!
You kill the orc wizard!
You block the orc warrior's attack. You block the orc's attack.
You have reached level 7!
Unknown command.
You slash the orc!
You kill the orc!
The orc warrior closely misses you.
You barely miss the orc warrior. You headbutt the orc warrior.
The orc warrior is heavily wounded.
The orc warrior hits you with a +0 trident!
* * * LOW HITPOINT WARNING * * *
You completely miss the orc warrior.
The orc warrior is heavily wounded.
The orc warrior hits you with a +0 trident!
You die...

..... #.# ..##.
#.# .# #. #.# #$.
###.## ###.
....#....# .....
.......[### #...#
..........##..#
..............##
.......#.)@)...#
.........†)o...#
..................
.................#
............/..###
.............##
.............
.............


You could see an orc warrior (drained).

Vanquished Creatures
  An ice beast (D:3)
  A kobold brigand (D:4)
  2 scorpions
  An orc wizard (D:5)
  5 gnolls
  9 adders
  3 worms
  A dart slug (D:3)
  11 orcs
  4 bats
  7 endoplasms
  4 giant cockroaches
  6 goblins
  7 hobgoblins
  3 quokkas
  6 ball pythons
  2 frilled lizards (D:2)
  4 kobolds
  7 rats
84 creatures vanquished.

Notes
Turn   | Place    | Note
-------+----------+-------------------------------------------
     0 | D:1      | Anon1729 the Minotaur Monk began the quest for the Orb.
     0 | D:1      | Reached XP level 1. HP: 19/19 MP: 0/0
    69 | D:1      | Reached XP level 2. HP: 17/27 MP: 1/1
   174 | D:1      | Reached skill level 1 in Armour
   490 | D:2      | Reached skill level 4 in Fighting
   490 | D:2      | Reached skill level 1 in Invocations
   490 | D:2      | Reached XP level 3. HP: 33/33 MP: 2/2
   943 | D:2      | Reached XP level 4. HP: 33/40 MP: 2/4
  1519 | D:3      | Identified the +8 falchion of Charred Defiance {drain,
                  | MP+9}
  1689 | D:3      | Identified the +4 ring mail "Foasim" {rC+ rN+}
  1951 | D:3      | Noticed an ice beast
  1964 | D:3      | HP: 1/41 [ice beast (7)]
  1965 | D:3      | Killed an ice beast
  1966 | D:3      | Reached XP level 5. HP: 1/47 MP: 5/5
  2773 | D:4      | Found a basalt altar of Yredelemnul.
  2935 | D:4      | Reached XP level 6. HP: 55/55 MP: 6/6
  2978 | D:4      | Reached skill level 5 in Fighting
  3033 | D:4      | Identified the orb of Naxarpha {*channel, -Tele rElec
                  | Dex+6}
  3199 | D:4      | Found a runed translucent gate.
  3199 | D:4      | Found a runed translucent gate.
  3199 | D:4      | Found a runed translucent gate.
  3201 | D:4      | Noticed Takeo's ghost (amateur MiFi)
  3201 | D:4      | Noticed Cris's ghost (amateur DrAE)
  3372 | D:4      | Found a white marble altar of Elyvilon.
  3571 | D:5      | Entered Level 5 of the Dungeon
  3626 | D:5      | Noticed an orc warrior
  3639 | D:5      | Reached XP level 7. HP: 20/61 MP: 8/8
  3641 | D:5      | Slain by an orc warrior

Illustrated notes

Levels and vault maps discovered:
D:1:      onia_arrival_mini_spirals, layout_rooms, nicolae_grassy_gnolls
D:2:      minmay_door_path, layout_loops_ring
D:3:      layout_loops_corners
D:4:      layout_loops_ring, kennysheep_ying_yang, gammafunk_ghost_cemetery,
          hex_tiny, minmay_misc_feat_secret_circle
D:5:      layout_cave_pools, minmay_misc_feat_iff

Skill      XL: |  1  2  3  4  5  6 |
---------------+-------------------+-----
Armour         | 1 2 3 |  3.6
Fighting       | 4 5 |  5.4
Invocations    | 1 2 |  2.9
Short Blades   | 4 |  4.8
Dodging        | 4 |  4.8

Action                     |  1- 3 |  4- 6 |  7- 9 || total
---------------------------+-------+-------+-------++-------
  Melee: Short sword       |    70 |    53 |       ||   123
         Headbutt          |    16 |    19 |     1 ||    36
         Falchion          |       |    50 |     3 ||    53
    Use: Potion            |       |     2 |       ||     2
 Armour: Robe              |     8 |     6 |       ||    14
         Ring mail         |       |    17 |       ||    17
  Dodge: Dodged            |    40 |    62 |     1 ||   103
  Block: Orb               |       |     4 |       ||     4

Table legend: (Time is in decaauts)
 A = Elapsed time spent in this place.
 B = Non-inter-level travel time spent in this place.
 C = Inter-level travel time spent in this place.
 D = Time resting spent in this place.
 E = Time spent auto-exploring this place.
 F = Levels seen in this place.
 G = Mean time per level.
                   A        B        C        D        E       F      G
               +--------+--------+--------+--------+--------+-----+--------+
         Total |   3623 |   3405 |    218 |    169 |   2827 |   5 |  724.6 |
       Dungeon |   3623 |   3405 |    218 |    169 |   2827 |   5 |  724.6 |
               +--------+--------+--------+--------+--------+-----+--------+

Top non-repeatable levels by time:
     D:3: 1225 daAuts
     D:2: 973 daAuts
     D:4: 876 daAuts
     D:1: 476 daAuts
     D:5: 71 daAuts
